 Dungeon Crawl Stone Soup version 0.32-a0-705-g60f233581c (webtiles) character file.

Game seed: 8924696207617366978

4080653 GoblinFriend the Slayer (level 27, 238/238 HPs)
             Began as a Coglin Hunter on Mar 11, 2024.
             Was the Champion of Okawaru.
             Escaped with the Orb
             ... and 5 runes
             ... and 1 gem on Mar 15, 2024!
             The game lasted 08:51:04 (50952 turns).

GoblinFriend the Slayer (Coglin Hunter)            Turns: 50952, Time: 08:51:05

Health: 238/238    AC: 24    Str: 13    XL:     27
Magic:  40/40      EV: 44    Int:  9    God:    Okawaru [******]
Gold:   6853       SH:  0    Dex: 42    Spells: 30/52 levels left

rFire   + + +        a - +9 hand cannon (drain) {Jihoo}
rCold   . . .        b - +7 hand cannon "Mule" {flame, backblast, rF+}
rNeg    + . .        l - +6 faerie dragon scales {rC+ Will+ rCorr Str+2}
rPois   +            (no helmet)
rElec   .            X - +2 cloak of Snakes and Ladders {rN+ Int-3 Dex+5}
rCorr   +            V - +2 pair of gloves of the Eggfruit {Regen+ Dex+2}
SInv    .            d - +2 pair of boots of the Elephant {Int+6}
Will    ++++.        (amulet unavailable)
Stlth   ++           (ring unavailable)
HPRegen 1.39/turn    (ring unavailable)
MPRegen 0.27/turn    O
                       - N-20 megacore {Gadgeteer, rF+ Will+}

%: no passive effects
@: studying 2 skills
A: off-hand wielding, slow wielding, warmup strikes, no jewellery, agile 2,
dopey 2, fire resistance 1, poison resistance, screaming 1, cold vulnerability 1
0: Orb of Zot
}: 5/15 runes: decaying, slimy, silver, abyssal, gossamer
a: Renounce Religion, Heroism, Finesse, Duel


You escaped.
You worshipped Okawaru.
Okawaru was exalted by your worship.
You visited 11 branches of the dungeon, and saw 53 of its levels.
You visited the Abyss 2 times.
You visited 2 bazaars.
You also visited: Trove, Gauntlet and Ice Cave.

You collected 12401 gold pieces.
You spent 5548 gold pieces at shops.

Inventory:

Hand Weapons
 a - a +9 hand cannon of draining (weapon) {Jihoo}
 b - the +7 hand cannon "Mule" (offhand) {flame, backblast, rF+}
   (You acquired it on level 1 of the Orcish Mines)

   rF+:       It protects you from fire.
Missiles
 o - 30 curare-tipped darts
 s - 39 silver javelins
 u - 10 throwing nets
 I - 78 javelins
 T - 2 darts of dispersal
Armour
 d - the +2 pair of boots of the Elephant (worn) {Int+6}
   (You found it in a Gauntlet)

   Int+6:     It affects your intelligence (+6).
 e - the +0 pair of gloves of Pearas Jodud {rC+ Int+3 Dex+3 Stlth+}
   (You found it on level 3 of the Depths)

   Int+3:     It affects your intelligence (+3).
   Dex+3:     It affects your dexterity (+3).
   rC+:       It protects you from cold.
   Stlth+:    It makes you more stealthy.
 l - the +6 faerie dragon scales (worn) {rC+ Will+ rCorr Str+2}
   (You took it off the Enchantress on level 3 of the Depths)

   Str+2:     It affects your strength (+2).
   rC+:       It protects you from cold.
   Will+:     It increases your willpower.
   rCorr:     It protects you from acid and corrosion.
 q - the +0 helmet of Trumpets {rPois Regen+ Str+4}
   (You took it off Robin on level 3 of the Dungeon)

   Str+4:     It affects your strength (+4).
   rPois:     It protects you from poison.
   Regen+:    It increases your rate of health regeneration.
 B - the +5 moon troll leather armour {Spirit, Regen++ MP+5}
   (You bought it in a shop on level 1 of the Orcish Mines)

   MP+5:      It affects your magic capacity (+5).
   Regen++:   It increases your rate of health regeneration.
 P - a scarf of repulsion
 V - the +2 pair of gloves of the Eggfruit (worn) {Regen+ Dex+2}
   (You found it on level 5 of the Pits of Slime)

   Dex+2:     It affects your dexterity (+2).
   Regen+:    It increases your rate of health regeneration.
 X - the +2 cloak of Snakes and Ladders (worn) {rN+ Int-3 Dex+5}
   (You found it on level 5 of the Vaults)

   Int-3:     It affects your intelligence (-3).
   Dex+5:     It affects your dexterity (+5).
   rN+:       It protects you from negative energy.
Gizmo
 O - a N-20 megacore (installed) {Gadgeteer, rF+ Will+}
   (You invented it yourself on level 5 of the Lair of Beasts)

   [N-20 megacore]

   Gadgeteer: Your evocable items recharge 30% faster and wands have a 30%
   chance to not spend a charge.
   rF+:       It protects you from fire.
   Will+:     It increases your willpower.
Wands
 c - a wand of flame (133)
 A - a wand of light (29)
 E - a wand of mindburst (9)
 G - a wand of roots (39)
 J - a wand of digging (17)
 L - a wand of polymorph (14)
Scrolls
 h - 6 scrolls of vulnerability
 k - 5 scrolls of poison
 m - 3 scrolls of blinking
 n - 27 scrolls of teleportation
 t - 4 scrolls of torment
 D - 7 scrolls of revelation
 F - 6 scrolls of fog
 H - 4 scrolls of immolation
 K - 4 scrolls of fear
 N - 4 scrolls of brand weapon
 S - 3 scrolls of silence
 U - 7 scrolls of enchant armour
Potions
 f - 3 potions of cancellation
 g - 5 potions of heal wounds
 i - 4 potions of magic
 j - 9 potions of lignification
 p - 3 potions of enlightenment
 r - 4 potions of resistance
 v - 13 potions of curing
 w - 4 potions of invisibility
 x - 8 potions of brilliance
 z - a potion of mutation
 C - 6 potions of ambrosia
 Q - 3 potions of berserk rage
 Y - 4 potions of haste
Miscellaneous
 M - a lightning rod (4/4)
 R - a tin of tremorstones (2/2)
 W - a phial of floods


   Skills:
 - Level 24.0 Fighting
 - Level 18.0 Ranged Weapons
 - Level 6.0 Throwing
 - Level 9.8 Armour
 + Level 22.2 Dodging
 - Level 9.0 Stealth
 - Level 13.0 Spellcasting
 - Level 10.0 Hexes
 - Level 16.0 Translocations
 - Level 13.0 Alchemy
 - Level 13.0 Invocations
 - Level 15.0 Evocations


You had 30 spell levels left.
You knew the following spells:

 Your Spells              Type           Power      Damage    Failure   Level
a - Apportation           Tloc           68%        N/A       1%          1
b - Blink                 Tloc           68%        N/A       1%          2
d - Dimensional Bullseye  Hex/Tloc       14%        N/A       1%          4
e - Dispersal             Tloc           17%        N/A       3%          6
r - Olgreb's Toxic Radia  Alch           29%        N/A       1%          4
y - Yara's Violent Unrav  Hex/Alch       13%        3d7       3%          5

Your spell library contained the following spells:

 Spells                   Type           Power      Damage    Failure   Level
 Sting                    Conj/Alch      68%        1d7       1%          1
 Lesser Beckoning         Tloc           68%        N/A       1%          2
 Mercury Vapours          Alch/Air       34%        N/A       1%          2
 Momentum Strike          Conj/Tloc      40%        3d9       1%          2
 Confusing Touch          Hex            23%        N/A       1%          3
 Gell's Gravitas          Tloc           34%        N/A       1%          3
 Sigil of Binding         Hex            23%        N/A       1%          3
 Teleport Other           Tloc           34%        N/A       1%          3
 Volatile Blastmotes      Fire/Tloc      40%        2d13      1%          3
 Manifold Assault         Tloc           34%        N/A       1%          4
 Passage of Golubria      Tloc           34%        N/A       1%          4
 Alistair's Intoxication  Alch           19%        N/A       1%          5
 Ensorcelled Hibernation  Hex/Ice        28%        N/A       2%          2
 Cause Fear               Hex            11%        N/A       2%          4
 Dazzling Flash           Conj/Hex       28%        N/A       5%          3
 Inner Flame              Hex/Fire       14%        N/A       5%          3
 Iskenderun's Mystic Bla  Conj/Tloc      20%        2d6       5%          4
 Vhi's Electric Charge    Tloc/Air       40%        N/A       5%          4
 Mephitic Cloud           Conj/Alch/Air  13%        N/A       8%          3
 Fulminant Prism          Conj/Alch      8%         3d7       10%         4
 Leda's Liquefaction      Alch/Erth      8%         N/A       10%         4
 Petrify                  Alch/Erth      17%        N/A       10%         4
 Sticky Flame             Fire/Alch      17%        2d5       10%         4
 Eringya's Noxious Bog    Alch           14%        4d6       11%         6
 Foxfire                  Conj/Fire      20%        2x1d5     14%         1
 Freeze                   Ice            20%        1d4       14%         1
 Kiss of Death            Conj/Necr      20%        2d7       14%         1
 Magic Dart               Conj           20%        1d4       14%         1
 Necrotise                Necr           20%        1d5       14%         1
 Sandblast                Erth           10%        2d5       14%         1
 Anguish                  Hex/Necr       7%         N/A       19%         4
 Scorch                   Fire           10%        2d5       22%         2
 Searing Ray              Conj           10%        2d4       22%         2
 Static Discharge         Conj/Air       10%        3-4/arc   22%         2
 Sublimation of Blood     Necr           5%         N/A       22%         2
 Frozen Ramparts          Ice            10%        1d2       41%         3
 Fugue of the Fallen      Necr           5%         N/A       41%         3
 Hailstorm                Conj/Ice       5%         3d5       41%         3
 Ozocubu's Armour         Ice            5%         N/A       41%         3
 Stone Arrow              Conj/Erth      10%        3d7       41%         3
 Metabolic Englaciation   Hex/Ice        7%         N/A       45%         5
 Silence                  Hex/Air        7%         N/A       45%         5
 Airstrike                Air            2%         2d(1-17)  82%         4
 Brom's Barrelling Bould  Conj/Erth      5%         2d3       82%         4
 Dispel Undead            Necr           5%         3d7       82%         4
 Flame Wave               Conj/Fire      5%         2d5       82%         4
 Enfeeble                 Hex            11%        N/A       90%         7
 Arcjolt                  Conj/Air       2%         1d12      99%         5
 Borgnjor's Vile Clutch   Necr/Erth      2%         N/A       99%         5
 Curse of Agony           Necr           5%         N/A       99%         5
 Fireball                 Conj/Fire      2%         3d4       99%         5
 Iskenderun's Battlesphe  Conj           5%         2d6       99%         5
 Lee's Rapid Deconstruct  Erth           2%         3d5*      99%         5
 Bombard                  Conj/Erth      2%         9d1       100%        6
 Conjure Ball Lightning   Conj/Air       2%         3x3d6     100%        6
 Permafrost Eruption      Ice/Erth       2%         2x4d2     100%        6
 Plasma Beam              Fire/Air       2%         2x1d12    100%        6
 Starburst                Conj/Fire      2%         6d3       100%        6
 Orb of Destruction       Conj           2%         9d5       100%        7
 Maxwell's Capacitive Co  Air            2%         ∞         100%        8
 Fire Storm               Conj/Fire      2%         8d1       100%        9
 Tukima's Dance           Hex            Unusable   N/A       N/A         3
 Summon Small Mammal      Summ           Unusable   N/A       N/A         1
 Summon Forest            Summ/Tloc      Unusable   N/A       N/A         5
 Call Imp                 Summ           Unusable   N/A       N/A         2
 Call Canine Familiar     Summ           Unusable   N/A       N/A         3
 Summon Lightning Spire   Summ/Air       Unusable   N/A       N/A         4
 Summon Hydra             Summ           Unusable   N/A       N/A         7
 Dragon's Call            Summ           Unusable   N/A       N/A         9

Dungeon Overview and Level Annotations

Branches:
Dungeon (15/15)            Temple (1/1) D:4            Lair (5/5) D:8
  Swamp (4/4) Lair:3       Spider (4/4) Lair:2        Slime (5/5) Lair:5
    Orc (2/2) D:11            Elf (3/3) Orc:2        Vaults (5/5) D:13
  Crypt (0/3) Vaults:3     Depths (4/4) D:15            Zot (5/5) Depths:4
  IceCv (visited)         Gauntlet (visited)

Altars:
Ashenzari
Cheibriados
Dithmenos
Elyvilon
Fedhas
Gozag
Hepliaklqana
Kikubaaqudgha
Makhleb
Nemelex Xobeh
Okawaru
Qazlal
Ru
Sif Muna
Trog
Uskayaw
Vehumet
Wu Jian
Xom
Yredelemnul
Zin
The Shining One
Beogh
Ignis
Jiyva

Shops:
D:6 =!*   D:8 ?   Orc:1 (:(*[   Orc:2 **:([   Elf:3 **(*   Vaults:3 *
Depths:1 =[   Depths:2 :==

Portals:
Hell: Depths:1 Depths:2 Depths:3 Depths:4
Abyss: Depths:3
Pandemonium: Depths:2 Depths:4
Ziggurat: Depths:3

Annotations:
D:9 exclusion: oklob plant
Lair:3 1 exclusion
Elf:2 3 runed translucent doors
Depths:1 5 runed translucent doors, Soteoser's ghost, veteran MiBe


Innate Abilities, Weirdness & Mutations

You can wield a second weapon in your off-hand.
It takes a long time for you to wield or remove held weapons.
Your first few attacks do less damage.
You cannot equip rings or amulets.
You are very agile. (Dex +8, Str/Int -2)
You are very dopey. (Int -4)
Your flesh is heat resistant. (rF+)
Your system is resistant to poisons. (rPois)
You occasionally shout uncontrollably at your foes.
You are vulnerable to cold. (rC-)


Message History

The reaper closely misses you.
You shoot a slug. The slug hits the reaper!!!
The reaper is severely wounded.
You shoot a slug. The slug hits the reaper!!
The slug burns the reaper!
You kill the reaper!
Okawaru accepts your kill.
No target in view!
No target in view!
A demonspawn blood saint and a blizzard demon come into view.
The demonspawn blood saint is wielding a +0 dagger and wearing a +0 robe of positive energy.
There is a stone staircase leading up here.
You climb upwards.
There is a stone staircase leading down here.
What level of the Dungeon? (default 1, ? - help)
There is an open door here.
There is a stone staircase leading up here.
You climb upwards.
There is a stone staircase leading down here.
An Orb Guardian comes into view.
You shoot a slug. The slug hits the Orb Guardian!
The slug burns the Orb Guardian.
The Orb Guardian is lightly wounded.
You shoot a slug.
The slug barely misses the Orb Guardian.
You shoot a slug. The slug misses the Orb Guardian.
You shoot a slug. The slug hits the Orb Guardian!!
The slug burns the Orb Guardian.
The Orb Guardian is moderately wounded.
You shoot a slug. The slug hits the Orb Guardian!
You drain the Orb Guardian.
The Orb Guardian is heavily wounded.
You shoot a slug.
The slug hits the Orb Guardian but does no damage.
The Orb Guardian is heavily wounded.
The Orb Guardian barely misses you. The Orb Guardian misses you.
You shoot a slug. The slug hits the Orb Guardian!!!
You kill the Orb Guardian!
Okawaru accepts your kill.
You shoot a slug.
No target in view!
There is a staircase leading out of the dungeon here.
You have escaped!

####.###........#..)⌠~P~P~P~..#.#
#.###....###.#................
#........# #.#...#....#.##.#.#
####..#..###.#.#.#.####......#
######..#......###.#.# #[.....#
#...##..#.#....###.#.####......#
#............#.....#...........#
#...##♣♣♣♣♣♣♣♣♣♣##..)...####'#.#
#...#♣♣.....♣#.@♣#..###.#....#..
##.#♣♣..........♣##..##.#.######
#.#♣....♣.♣...♣# ##.##.#.#
#.#♣.....⌠.....♣ #..#.#.#
###..♣....♣.♣....♣ ##...#.#
.....♣♣.........♣♣ ##..#.###
.....#♣♣.......♣♣ #......###
.....# ♣♣♣...♣♣♣ ####.#.#...#
.....# #...# #..#.#.###.#


There were no monsters in sight!

Vanquished Creatures
  the Royal Jelly (Slime:5)
  A dread lich (Zot:5)
  6 orbs of fire
  2 ancient liches
  Boris (thrice) (Elf:3 Vaults:2 Vaults:4)
  Saint Roka (Orc:2)
  10 Killer Klowns
  Bai Suzhen (Swamp:3)
  4 curse toes
  A caustic shrike (Depths:3)
  Nikola (Spider:3)
  8 golden dragons
  the Enchantress (Depths:3)
  The ghost of gimp the Severer, an adept FoMo of Uskayaw (Vaults:2)
  Arachne (Spider:4)
  2 pearl dragons (Depths:3)
  4 bone dragons (Depths:3)
  3 doom hounds (Zot:3)
  4 electric golems
  17 tentacled monstrosities
  Grunn (Zot:3)
  27 Orb Guardians
  Jorgrun (D:15)
  4 liches
  Zenata (Vaults:2)
  A walking crystal tome (Depths:3)
  Asterion (Spider:2)
  2 titans (Vaults:5)
  3 sphinxes
  10 quicksilver dragons
  19 acid blobs
  5 deep elf blademasters
  A searing wretch (Vaults:5)
  10 death cobs
  2 deep elf master archers (Elf:3)
  4 tentacled starspawn
  An Executioner (Abyss:3)
  6 tengu reavers
  The ghost of gimp the Marksdemigod, an adept DgHu (Vaults:2)
  2 thorn hunters
  22 storm dragons
  12 shadow dragons
  Aizul (Swamp:3)
  11 rockslimes
  12 azure jellies
  Donald (Spider:1)
  A fenstrider witch (Swamp:1)
  5 protean progenitors
  6 fire giants
  5 frost giants
  4 draconian monks
  4 draconian knights
  10 deep elf sorcerers
  5 draconian shifters
  10 vault wardens
  7 emperor scorpions
  4 orc warlords
  11 ghost moths
  3 iron dragons
  A cacodemon (D:5)
  7 draconian scorchers
  3 spectral caustic shrikes (Depths:2)
  17 ironbound preservers
  5 spriggan defenders (Depths:3)
  3 deep elf elementalists
  The ghost of croobank the Covert, a journeyman DgIE (Lair:5)
  4 draconian annihilators
  5 draconian stormcallers
  11 ironbound thunderhulks
  The ghost of jasper the Brawler, a journeyman TrFi of Wu Jian (Lair:5)
  A reaper (D:3)
  10 stone giants
  8 broodmothers
  8 quicksilver oozes
  12 very ugly things
  5 formless jellyfish
  4 eleionomae
  2 lorocyprocas (Abyss:3)
  6 green draconians
  23 dire elephants
  5 deep elf annihilators (Elf:3)
  A vampire knight (Depths:4)
  6 white draconians
  Nessos (D:15)
  5 deep elf demonologists
  The ghost of jamsaran the Toxicologist, a journeyman DgAl (Lair:5)
  10 deep elf death magi
  5 spark wasps
  9 black draconians
  8 red draconians
  A minotaur (Gauntlet)
  8 yellow draconians
  2 war gargoyles
  3 starcursed masses (Abyss:2)
  31 purple draconians
  13 ettins
  3 green deaths
  A merfolk impaler (Depths:2)
  2 bunyips (Swamp:4)
  A blizzard demon (Depths:4)
  An eidolon (Depths:1)
  8 deep elf high priests
  3 entropy weavers
  11 fire dragons
  11 yaktaur captains
  25 vault guards
  A shambling mangrove (Swamp:2)
  Fannar (D:11)
  18 hydras
  Harold (Lair:2)
  10 great orbs of eyes
  4 ironbound frosthearts
  A hell beast (Depths:1)
  8 rakshasas
  2 ogre magi
  8 spriggan air magi
  15 centaur warriors
  12 alligators
  2 peacekeepers
  A death knight (D:15)
  9 ice dragons
  4 jorogumos
  4 radroaches
  A ghost crab (Swamp:4)
  4 catoblepae
  17 dancing weapons
  7 boulder beetles
  4 deep troll shamans
  3 deep troll earth magi
  2 two-headed ogres
  A hell hog (Depths:1)
  Urug (Lair:3)
  A death scarab (Gauntlet)
  4 occultists
  6 tengu warriors
  A death yak (Lair:5)
  9 demonic crawlers
  3 spriggan berserkers (Depths:3)
  3 vampire magi
  2 orc high priests
  A soul eater (Depths:2)
  Nergalle (Orc:2)
  4 hell knights
  3 thrashing horrors
  15 deep elf knights
  4 iron trolls (Depths:4)
  2 wretched stars (Abyss:3)
  A skyshark (shapeshifter) (Depths:4)
  2 skysharks (Lair:3)
  A death drake (Zot:4)
  3 goliath frogs
  5 sixfirhies
  A quicksilver dragon simulacrum (Depths:1)
  11 orb spiders
  4 pharaoh ants
  A deep troll (shapeshifter) (Vaults:3)
  A sun moth (Spider:4)
  A flayed ghost (Depths:4)
  A mana viper (shapeshifter) (Vaults:5)
  12 arcanists
  3 spriggan druids
  46 deep trolls
  8 thermic dynamos
  20 orc knights
  6 steelbarb worms
  14 swamp dragons
  6 bog bodies
  26 deep elf archers
  5 harpies (Vaults:1)
  6 lindwurms
  34 deep elf pyromancers
  4 phantasmal warriors
  The ghost of cjoo the Ruffian, a novice DrSh of Beogh (D:7)
  19 ironbound convokers
  33 deep elf zephyrmancers
  41 wolf spiders
  6 necromancers
  3 will-o-the-wisps
  5 shining eyes
  3 orc sorcerers
  4 cyclopes
  A draconian (Abyss:3)
  A spectral boulder beetle (Gauntlet)
  37 ugly things
  4 manticores
  4 black mambas
  Maurice (D:10)
  25 moths of wrath
  9 meliai
  A meliai (shapeshifter) (Abyss:3)
  14 elephants
  An elephant (shapeshifter) (D:15)
  5 smoke demons
  24 vault sentinels
  An ice statue (IceCv)
  A rust devil (Abyss:3)
  A black mamba (shapeshifter) (Elf:1)
  5 torpor snails
  5 orange demons
  15 large abominations
  20 cane toads
  An unseen horror (D:5)
  3 eyes of devastation
  3 freezing wraiths
  15 komodo dragons
  2 unseen horror zombies (D:9)
  2 kobold demonologists (D:11)
  16 yaktaurs
  A rime drake (Lair:5)
  A tormentor (Abyss:2)
  8 tengu conjurers
  An unseen horror skeleton (D:9)
  3 ancient zymes
  10 tyrant leeches
  6 trolls
  3 bloated husks
  5 polar bears (Lair:5)
  41 tarantellas
  A blink frog (Abyss:3)
  A raiju (Abyss:2)
  A glass eye (Slime:5)
  4 dream sheep (Lair:2)
  41 hornets
  5 air elementals
  15 culicivoras
  3 vampires (Vaults:3)
  31 jumping spiders
  81 slime creatures
  2 centaur simulacra
  5 shadows
  7 water elementals
  38 spriggans
  A wyvern (D:10)
  5 basilisks
  3 ynoxinuls
  39 yaks
  3 wraiths
  2 neqoxecs
  4 wargs (Orc:2)
  2 golden eyes (Slime:5)
  61 redbacks
  3 steam dragons (D:9)
  9 vampire mosquitoes
  3 chaos spawn (Abyss:3)
  10 swamp worms
  5 acid dragons
  2 great orb of eyes simulacra (IceCv)
  10 water moccasins
  27 orc warriors
  3 ice beasts
  5 black bears
  An ettin simulacrum (Abyss:2)
  15 small abominations
  8 ogres
  2 swamp drakes
  22 wolves
  8 boggarts
  2 laughing skulls (D:15)
  14 centaurs
  7 slime creature simulacra (IceCv)
  4 kobold brigands
  A brain worm (Abyss:3)
  A weeping skull (Abyss:2)
  22 bullfrogs
  3 glowing shapeshifter simulacra (IceCv)
  A gnoll sergeant (D:9)
  3 scorpions
  12 wights
  2 burial acolytes (D:9)
  3 killer bees (D:10)
  8 electric eels
  4 centaur zombies
  A human zombie (D:9)
  2 jellies
  A gnoll bouda (D:6)
  19 orc priests
  3 centaur skeletons
  9 hounds
  3 sleepcaps
  2 iguanas
  29 orc wizards
  A shapeshifter simulacrum (IceCv)
  Robin (D:3)
  14 gnolls
  A howler monkey skeleton (D:9)
  6 adders
  2 ufetubi (Abyss:3)
  3 dart slugs
  4 ribbon worms
  86 orcs
  7 bats
  5 endoplasms
  A giant cockroach (D:1)
  43 goblins
  24 hobgoblins
  31 kobolds
  2 quokkas
  7 ball pythons
  A frilled lizard (D:2)
  4 rats
  5 aspiring fleshes
  A butterfly (Lair:1)
  A lurking horror (Abyss:2)
  4 starspawn tentacles
2351 creatures vanquished.

Vanquished Creatures (others)
  Margery (Vaults:5)
  A will-o-the-wisp (Swamp:2)
  A bloated husk (Swamp:2)
  An orc (Orc:1)
  2 foxfires (Swamp:2)
  6 starspawn tentacles
12 creatures vanquished.

Grand Total: 2363 creatures vanquished

Notes
Turn   | Place    | Note
-------+----------+-------------------------------------------
     0 | D:1      | GoblinFriend the Coglin Hunter began the quest for the Orb.
     0 | D:1      | Reached XP level 1. HP: 16/16 MP: 1/1
    80 | D:1      | Found a faded altar of an unknown god.
   119 | D:1      | Reached skill level 1 in Stealth
   124 | D:1      | Reached XP level 2. HP: 22/22 MP: 2/2
   633 | D:2      | Reached XP level 3. HP: 28/28 MP: 3/3
   838 | D:2      | Reached XP level 4. HP: 34/34 MP: 4/4
   875 | D:2      | Found an ancient bone altar of Kikubaaqudgha.
  1282 | D:3      | Found a shimmering altar of Xom.
  1307 | D:3      | Identified the +0 helmet of Trumpets {rPois Regen+ Str+4}
  1307 | D:3      | Noticed Robin
  1383 | D:3      | Killed Robin
  1384 | D:3      | Reached skill level 3 in Fighting
  1384 | D:3      | Reached XP level 5. HP: 41/41 MP: 5/5
  1893 | D:4      | Reached skill level 7 in Fighting
  1893 | D:4      | Reached skill level 10 in Ranged Weapons
  1893 | D:4      | Reached XP level 6. HP: 56/56 MP: 6/6
  1894 | D:4      | Reached XP level 7. HP: 61/61 MP: 7/7
  2059 | D:4      | Found a staircase to the Ecumenical Temple.
  2068 | Temple   | Entered the Ecumenical Temple
  2126 | Temple   | Became a worshipper of Warmaster Okawaru
  2676 | D:5      | Entered Level 5 of the Dungeon
  2796 | D:5      | Reached XP level 8. HP: 68/68 MP: 8/8
  2984 | D:5      | Found a shadowy altar of Dithmenos.
  3067 | D:5      | Reached * piety under Okawaru
  3135 | D:5      | Killed an unseen horror
  3136 | D:5      | Reached skill level 1 in Invocations
  3229 | D:5      | Found a shimmering blue altar of Sif Muna.
  3230 | D:5      | Noticed a troll
  3242 | D:5      | Killed a troll
  3552 | D:5      | Reached XP level 9. HP: 73/73 MP: 10/10
  4006 | D:6      | Found Gaikengeur's Antique Weapon Boutique.
  4032 | D:6      | Found Zararchio's Jewellery Shoppe.
  4107 | D:6      | Found a white marble altar of Elyvilon.
  4194 | D:6      | Reached ** piety under Okawaru
  4285 | D:6      | Found Lesocwee's Assorted Antiques.
  4294 | D:6      | Bought a glowing leather armour for 135 gold pieces
  4294 | D:6      | Bought a scroll labelled MIERUO KABAU for 27 gold pieces
  4294 | D:6      | Bought a bubbling puce potion for 24 gold pieces
  4294 | D:6      | Bought a scroll labelled SINGAO BAAPPAU for 27 gold pieces
  4314 | D:6      | Found Vyleegud's Distillery.
  4628 | D:6      | Bought a potion of heal wounds for 60 gold pieces
  4869 | D:7      | Reached skill level 8 in Fighting
  5397 | D:7      | Found a runed translucent door.
  5398 | D:7      | Noticed cjoo's ghost (novice DrSh)
  5482 | D:7      | Found a burning altar of Makhleb.
  5764 | D:8      | Noticed a troll
  5777 | D:8      | Killed a troll
  5778 | D:8      | Reached skill level 1 in Evocations
  5813 | D:8      | Reached *** piety under Okawaru
  5814 | D:8      | Reached XP level 10. HP: 82/82 MP: 11/11
  5898 | D:8      | Found a sparkling altar of Nemelex Xobeh.
  6121 | D:8      | Found a staircase to the Lair.
  6245 | D:8      | Found a sacrificial altar of Ru.
  6439 | D:8      | Found Quejac's Magic Scroll Shoppe.
  6447 | D:8      | Bought a scroll of revelation for 82 gold pieces
  6447 | D:8      | Bought a scroll of fog for 44 gold pieces
  6447 | D:8      | Bought a scroll of blinking for 82 gold pieces
  6464 | D:8      | Bought a scroll of identify for 22 gold pieces
  6465 | D:8      | Bought a scroll of identify for 22 gold pieces
  6466 | D:8      | Bought a scroll of identify for 22 gold pieces
  6733 | D:8      | Identified a scroll of acquirement
  6733 | D:8      | Acquired a manual of Ranged Weapons
  6758 | D:9      | Noticed a cyclops
  6899 | D:9      | Killed a cyclops
  6899 | D:9      | Reached **** piety under Okawaru
  6915 | D:9      | Noticed a two-headed ogre
  6974 | D:9      | Killed a two-headed ogre
  6996 | D:9      | Found an opulent altar of Gozag.
  7065 | D:9      | Reached ***** piety under Okawaru
  7065 | D:9      | Received a gift from Okawaru
  7066 | D:9      | Reached skill level 5 in Evocations
  7094 | D:9      | Found a snail-covered altar of Cheibriados.
  7120 | D:9      | Identified the +1 ring mail "Sowawiam" {rPois Int+4}
  7249 | D:9      | Reached XP level 11. HP: 78/87 MP: 12/12
  7294 | D:9      | Found an ancient bone altar of Kikubaaqudgha.
  7736 | D:9      | Found a blossoming altar of Fedhas.
  7777 | D:9      | Noticed an oklob plant
  7945 | Lair:1   | Entered Level 1 of the Lair of Beasts
  8182 | Lair:1   | Received a gift from Okawaru
  8183 | Lair:1   | Reached skill level 9 in Fighting
  8392 | Lair:1   | Reached skill level 1 in Throwing
  8475 | Lair:1   | Reached skill level 1 in Armour
  8925 | Lair:2   | Reached skill level 10 in Fighting
  8944 | Lair:2   | Received a gift from Okawaru
  8977 | Lair:2   | Reached XP level 12. HP: 98/98 MP: 13/13
  9017 | Lair:2   | Acquired 823 gold pieces
  9019 | Lair:2   | Acquired a +0 hand cannon of draining
  9169 | Lair:2   | Found a hole to the Spider Nest.
  9199 | Lair:2   | Noticed Harold
  9547 | Lair:2   | Reached skill level 15 in Ranged Weapons
  9665 | Lair:2   | Killed Harold
  9665 | Lair:2   | Received a gift from Okawaru
  9724 | Lair:3   | Noticed Urug
  9729 | Lair:3   | Killed Urug
  9899 | Lair:3   | Reached skill level 5 in Armour
  9901 | Lair:3   | Noticed a catoblepas
  9919 | Lair:3   | Killed a catoblepas
 10074 | Lair:3   | Reached skill level 11 in Fighting
 10077 | Lair:3   | Reached ****** piety under Okawaru
 10085 | Lair:3   | Acquired the +7 hand cannon "Weroffe" {heavy, +Blink Int+4}
 10085 | Lair:3   | Received a gift from Okawaru
 10112 | Lair:3   | Acquired the +4 pair of gloves of Qiwkarho {Rampage rCorr
                  | Dex-3 Stlth+}
 10112 | Lair:3   | Received a gift from Okawaru
 10278 | Lair:3   | Noticed a skyshark
 10283 | Lair:3   | Killed a skyshark
 10380 | Lair:3   | Received a gift from Okawaru
 10399 | Lair:3   | Reached skill level 12 in Fighting
 10399 | Lair:3   | Reached XP level 13. HP: 101/108 MP: 14/14
 10411 | Lair:3   | Found a staircase to the Swamp.
 10741 | Lair:3   | Identified the ring of Levity {rC+ Str+8 Stlth-}
 10782 | Lair:3   | Received a gift from Okawaru
 10789 | Lair:3   | Reached skill level 10 in Dodging
 11163 | Lair:4   | Found a gate leading to a gauntlet.
 11172 | Gauntlet | Entered a Gauntlet
 11172 | Gauntlet | Found a transporter.
 11181 | Gauntlet | Found a transporter.
 11184 | Gauntlet | Found a transporter.
 11185 | Gauntlet | Found a transporter.
 11193 | Gauntlet | Found a transporter.
 11196 | Gauntlet | Found a transporter.
 11197 | Gauntlet | Found a transporter.
 11210 | Gauntlet | Found a transporter.
 11212 | Gauntlet | Found a transporter.
 11215 | Gauntlet | Found a transporter.
 11228 | Gauntlet | Found a transporter.
 11229 | Gauntlet | Found a transporter.
 11233 | Gauntlet | Found a transporter.
 11237 | Gauntlet | Found a transporter.
 11330 | Gauntlet | Received a gift from Okawaru
 11397 | Gauntlet | Reached skill level 5 in Invocations
 11409 | Gauntlet | Identified the +2 pair of boots of the Elephant {Int+6}
 11503 | Gauntlet | Identified the ring of Fiat {+Blink AC+4 Str+3}
 11503 | Gauntlet | Noticed a minotaur
 11512 | Gauntlet | Killed a minotaur
 12184 | Lair:5   | Entered Level 5 of the Lair of Beasts
 12202 | Lair:5   | Received a gift from Okawaru
 12223 | Lair:5   | Found a runed translucent gate.
 12224 | Lair:5   | Found a runed translucent gate.
 12225 | Lair:5   | Found a runed translucent gate.
 12233 | Lair:5   | Identified the +6 chain mail of Ignis's Reproof {Str+2}
 12265 | Lair:5   | Noticed a dire elephant
 12300 | Lair:5   | Killed a dire elephant
 12301 | Lair:5   | Reached XP level 14. HP: 68/115 MP: 16/18
 12301 | Lair:5   | Acquired a N-20 megacore {Gadgeteer, rF+ Will+}
 12354 | Lair:5   | Noticed jasper's ghost (journeyman TrFi)
 12354 | Lair:5   | Noticed jamsaran's ghost (journeyman DgAl)
 12355 | Lair:5   | Noticed croobank's ghost (journeyman DgIE)
 12369 | Lair:5   | Found a staircase to the Slime Pits.
 12390 | Lair:5   | Found a viscous altar of Jiyva.
 12500 | Lair:5   | Received a gift from Okawaru
 12716 | Lair:5   | Received a gift from Okawaru
 12801 | Lair:5   | Identified the amulet "Xufemyo" {Reflect Rampage Regen+
                  | rCorr MP+9 SH+5}
 13279 | D:10     | Entered Level 10 of the Dungeon
 13486 | D:10     | Noticed Maurice
 13488 | D:10     | Killed Maurice
 13535 | D:10     | Found a hazy altar of Hepliaklqana.
 13978 | D:11     | Received a gift from Okawaru
 13992 | D:11     | Found a flickering gateway to a bazaar.
 14092 | D:11     | Noticed Fannar
 14099 | D:11     | Killed Fannar
 14137 | D:11     | Found a staircase to the Orcish Mines.
 14212 | Bazaar   | Entered a bazaar
 14221 | Bazaar   | Found Gamo's Antique Weapon Shoppe.
 14232 | Bazaar   | Found Senlam's Antique Weapon Emporium.
 14249 | Bazaar   | Found Fuump's Antique Armour Shoppe.
 14260 | Bazaar   | Found Plog's Antique Armour Emporium.
 14283 | Bazaar   | Bought a faintly glowing scale mail for 189 gold pieces
 14283 | Bazaar   | Identified the +5 scale mail of Lij Wodd {rElec rPois Int+6
                  | SInv} (You bought it in a shop in a bazaar)
 14622 | D:12     | Reached skill level 13 in Fighting
 14665 | D:12     | Received a gift from Okawaru
 14770 | D:12     | Found a frozen archway.
 14779 | IceCv    | Entered an ice cave
 14801 | IceCv    | Noticed a quicksilver ooze
 14803 | IceCv    | Killed a quicksilver ooze
 14870 | IceCv    | Reached XP level 15. HP: 125/125 MP: 19/19
 14974 | IceCv    | Reached skill level 14 in Fighting
 15118 | IceCv    | Noticed an azure jelly
 15122 | IceCv    | Killed an azure jelly
 15122 | IceCv    | Noticed an azure jelly
 15124 | IceCv    | Killed an azure jelly
 15126 | IceCv    | Found a viscous altar of Jiyva.
 15142 | IceCv    | Identified the amulet "Otwibbine" {Spirit ^Drain Dex+8
                  | Stlth+}
 15146 | IceCv    | Identified the amulet "Uzxoqat" {*Corrode Regen+ Str+6
                  | Int+3 Slay-4}
 15523 | D:12     | Received a gift from Okawaru
 15535 | D:12     | Reached skill level 15 in Fighting
 15970 | D:13     | Found a gate to the Vaults.
 16114 | D:13     | Found a shimmering blue altar of Sif Muna.
 16139 | D:13     | Received a gift from Okawaru
 16715 | D:14     | Received a gift from Okawaru
 16965 | D:15     | Entered Level 15 of the Dungeon
 16970 | D:15     | Noticed Jorgrun
 16974 | D:15     | Killed Jorgrun
 17104 | D:15     | Reached XP level 16. HP: 136/136 MP: 20/20
 17139 | D:15     | Reached skill level 5 in Throwing
 17182 | D:15     | Noticed Nessos
 17185 | D:15     | Killed Nessos
 17185 | D:15     | Received a gift from Okawaru
 17473 | D:15     | Found a staircase to the Depths.
 17642 | D:15     | Received a gift from Okawaru
 17873 | Orc:1    | Entered Level 1 of the Orcish Mines
 17893 | Orc:1    | Found Laeg's Antique Armour Shoppe.
 17900 | Orc:1    | Found a roughly hewn altar of Beogh.
 17991 | Orc:2    | Entered Level 2 of the Orcish Mines
 17991 | Orc:2    | Found a staircase to the Elven Halls.
 18234 | Orc:2    | Found Carghu's General Store.
 18452 | Orc:2    | Noticed Nergalle
 18454 | Orc:2    | Killed Nergalle
 18516 | Orc:2    | Received a gift from Okawaru
 18564 | Orc:2    | Noticed Saint Roka
 18585 | Orc:2    | Killed Saint Roka
 18637 | Orc:2    | Found a roughly hewn altar of Beogh.
 18637 | Orc:2    | Found Faicu's Antique Armour Shop.
 18640 | Orc:2    | Found Woerafei's Book Shop.
 18645 | Orc:2    | Found Zema's Antique Weapon Shop.
 18648 | Orc:2    | Found Jigoapog's General Store.
 18851 | Orc:1    | Found Vianku Karom's General Store.
 18878 | Orc:1    | You fall into a shaft and drop 1 floor!
 18938 | Orc:1    | Found Afeiff Juso's Weapon Shoppe.
 18974 | Orc:1    | Found Tila's Book Shop.
 19133 | Orc:1    | Found Boff's Antique Weapon Emporium.
 19231 | Orc:1    | Bought a scroll of acquirement for 572 gold pieces
 19233 | Orc:1    | Acquired the +7 hand cannon "Mule" {flame, backblast, rF+}
 19233 | Orc:1    | Found the +7 hand cannon "Mule" {flame, backblast, rF+}
 19419 | Spider:1 | Entered Level 1 of the Spider Nest
 19487 | Spider:1 | Identified the +3 leather armour of Vehumet, Teaching
                  | {Will+ Int+3}
 19489 | Spider:1 | Identified the +4 kite shield "Jeorux" {+Inv rF+}
 19489 | Spider:1 | Noticed Donald
 19496 | Spider:1 | Killed Donald
 19506 | Spider:1 | Reached skill level 10 in Evocations
 19551 | Spider:1 | Received a gift from Okawaru
 20023 | Spider:2 | Reached XP level 17. HP: 142/142 MP: 22/22
 20522 | Orc:1    | Bought the +5 moon troll leather armour {Spirit, Regen++
                  | MP+5} for 2380 gold pieces
 20522 | Orc:1    | Found the +5 moon troll leather armour {Spirit, Regen++
                  | MP+5}
 21004 | Spider:2 | Noticed Asterion
 21008 | Spider:2 | Received a gift from Okawaru
 21012 | Spider:2 | Killed Asterion
 21353 | Spider:3 | Reached skill level 16 in Fighting
 21417 | Spider:3 | Noticed Nikola
 21423 | Spider:3 | Killed Nikola
 21423 | Spider:3 | Received a gift from Okawaru
 21636 | Spider:3 | Reached skill level 17 in Fighting
 22343 | Swamp:1  | Entered Level 1 of the Swamp
 22375 | Swamp:1  | Received a gift from Okawaru
 22772 | Swamp:1  | Noticed a tentacled monstrosity
 22794 | Swamp:1  | Killed a tentacled monstrosity
 23135 | Swamp:2  | Reached XP level 18. HP: 156/156 MP: 24/24
 23148 | Swamp:2  | Received a gift from Okawaru
 23236 | Swamp:2  | Identified the +0 leather armour "Ewiluel" {Rampage}
 23602 | Swamp:3  | Noticed Bai Suzhen
 23616 | Swamp:3  | Identified the serpent talisman "Fuhuost" {rElec rN+}
 23616 | Swamp:3  | Noticed Aizul
 23619 | Swamp:3  | Killed Bai Suzhen
 23622 | Swamp:3  | Killed Aizul
 23668 | Swamp:3  | Found a shimmering blue altar of Sif Muna.
 23884 | Swamp:3  | Learned a level 1 spell: Apportation
 23889 | Swamp:3  | Learned a level 4 spell: Dimensional Bullseye
 23893 | Swamp:4  | Entered Level 4 of the Swamp
 23974 | Swamp:4  | Reached skill level 1 in Translocations
 23977 | Swamp:4  | Reached skill level 1 in Hexes
 23978 | Swamp:4  | Reached skill level 1 in Spellcasting
 24109 | Swamp:4  | Received a gift from Okawaru
 24296 | Swamp:4  | Reached skill level 5 in Translocations
 24325 | Swamp:4  | Received a gift from Okawaru
 24334 | Swamp:4  | Noticed a tentacled monstrosity
 24340 | Swamp:4  | Killed a tentacled monstrosity
 24345 | Swamp:4  | Got a decaying rune of Zot
 24366 | Swamp:4  | Reached skill level 5 in Hexes
 24735 | Spider:4 | Entered Level 4 of the Spider Nest
 24990 | Spider:4 | Noticed Arachne
 24998 | Spider:4 | Reached XP level 19. HP: 78/163 MP: 1/25
 25001 | Spider:4 | Received a gift from Okawaru
 25003 | Spider:4 | Killed Arachne
 25369 | Spider:4 | Received a gift from Okawaru
 25390 | Spider:4 | Identified the +11 halberd of the Known World {spect, rF-
                  | rN+++ Str-3 Stlth+}
 25871 | Spider:4 | Got a gossamer rune of Zot
 25965 | Spider:4 | Received a gift from Okawaru
 26365 | Elf:1    | Entered Level 1 of the Elven Halls
 26517 | Orc:1    | Bought a Young Poisoner's Handbook for 320 gold pieces
 26522 | Orc:1    | Learned a level 4 spell: Olgreb's Toxic Radiance
 26711 | Elf:1    | Reached skill level 1 in Alchemy
 26889 | Elf:1    | Received a gift from Okawaru
 26903 | Elf:1    | Paralysed by an air elemental for 1 turns
 27278 | Elf:2    | Reached skill level 5 in Alchemy
 27300 | Elf:2    | Reached XP level 20. HP: 170/170 MP: 26/26
 27452 | Elf:2    | Identified the +2 leather armour of Holis {Rampage rPois
                  | Str+2 Int-2}
 27878 | Elf:2    | Found a runed translucent gate.
 27879 | Elf:2    | Found a runed translucent gate.
 27879 | Elf:2    | Found a runed translucent gate.
 27893 | Elf:2    | Learned a level 5 spell: Yara's Violent Unravelling
 27923 | Elf:3    | Entered Level 3 of the Elven Halls
 27923 | Elf:3    | Found Fexetec's General Store.
 28025 | Elf:3    | Paralysed by an air elemental for 1 turns
 28058 | Elf:3    | Identified the +2 robe of Agiomauck {^Drain +Blink rN+
                  | Will+}
 28058 | Elf:3    | Noticed Boris
 28061 | Elf:3    | Received a gift from Okawaru
 28067 | Elf:3    | Killed Boris
 28114 | Elf:3    | Found Darphunt's Assorted Antiques.
 28129 | Elf:3    | Bought a runed scarf for 192 gold pieces
 28145 | Elf:3    | Found Uneomp's Assorted Antiques.
 28196 | Elf:3    | Reached skill level 10 in Alchemy
 28299 | Elf:3    | Found Matovvuq's Weapon Shoppe.
 28938 | Elf:3    | Reached skill level 18 in Fighting
 28952 | Elf:3    | Received a gift from Okawaru
 28989 | Abyss:2  | Cast into level 2 of the Abyss (a deep elf sorcerer)
 29318 | Abyss:2  | Found a runed translucent door.
 29425 | Abyss:2  | Found a corrupted altar of Lugonu.
 29425 | Abyss:2  | Found a corrupted altar of Lugonu.
 29427 | Abyss:2  | Found a corrupted altar of Lugonu.
 29452 | Elf:3    | Escaped the Abyss
 29458 | Elf:3    | Received a gift from Okawaru
 29499 | Elf:3    | Reached skill level 19 in Fighting
 29503 | Elf:3    | Reached XP level 21. HP: 180/180 MP: 14/27
 29663 | Elf:3    | Received a gift from Okawaru
 29709 | Elf:3    | Got the Tome of the Plateau and Displacement
 29710 | Elf:3    | Identified the +2 scale mail of the Boiling Point {-Tele
                  | Will++}
 29737 | Elf:3    | Identified the staff "Hyuqioc" {+Blink rF+ rC+ Fire Ice}
 29759 | Elf:3    | Identified the +0 chain mail of the Bulwark {Regen+ Int+4
                  | Slay-6}
 30025 | Orc:1    | Bought a scroll of enchant weapon for 82 gold pieces
 30104 | Orc:1    | Bought a book of Spatial Translocations for 288 gold pieces
 30107 | Orc:1    | Learned a level 2 spell: Blink
 30292 | D:7      | Killed cjoo's ghost
 30457 | Vaults:1 | Entered Level 1 of the Vaults
 30466 | Vaults:1 | Reached skill level 5 in Spellcasting
 30629 | Vaults:1 | Received a gift from Okawaru
 30953 | Vaults:1 | Reached skill level 10 in Spellcasting
 31053 | Vaults:1 | Identified the +1 ring mail "Ahid" {rElec Int+3 Stlth+}
 31250 | Vaults:1 | Received a gift from Okawaru
 31503 | Vaults:2 | Noticed Zenata
 31511 | Vaults:2 | Killed Zenata
 31799 | Vaults:2 | Identified the +3 robe of Tenacity {rElec Int-3 Dex+2 SInv}
 31799 | Vaults:2 | Noticed Boris
 31805 | Vaults:2 | Killed Boris
 31922 | Vaults:2 | Received a gift from Okawaru
 32188 | Vaults:2 | Found a portal to a secret trove of treasure.
 32348 | Vaults:2 | Found a runed translucent gate.
 32348 | Vaults:2 | Found a runed translucent gate.
 32348 | Vaults:2 | Found a runed translucent gate.
 32349 | Vaults:2 | Noticed gimp's ghost (adept FoMo)
 32349 | Vaults:2 | Noticed gimp's ghost (adept DgHu)
 32539 | Orc:2    | Bought a potion of heal wounds for 75 gold pieces
 32730 | Vaults:2 | You paid a toll of 10 potions of heal wounds to enter a
                  | treasure trove
 32731 | Trove    | Entered a treasure trove
 32746 | Trove    | Identified the +3 scale mail "Onuwuof" {Will+ SInv}
 32751 | Trove    | Identified the ring of Koecuno {rPois AC+4}
 32752 | Trove    | Identified the orb "Riffaf" {guile, Harm}
 32783 | Vaults:2 | Acquired the +0 pair of gloves of Eternal Night {Regen+}
 32953 | Vaults:3 | Reached XP level 22. HP: 188/188 MP: 39/39
 33017 | Vaults:3 | Found a staircase to the Crypt.
 33234 | Vaults:3 | Learned a level 6 spell: Dispersal
 33409 | Vaults:3 | Received a gift from Okawaru
 33583 | Vaults:3 | Reached skill level 10 in Translocations
 33970 | Vaults:3 | Found Esept's General Store.
 34327 | Vaults:4 | Identified the +3 robe "Qysant" {rPois Will+ Archmagi}
 34327 | Vaults:4 | Noticed Boris
 34335 | Vaults:4 | Killed Boris
 34423 | Vaults:4 | Received a gift from Okawaru
 34596 | Vaults:4 | Received a gift from Okawaru
 35475 | Vaults:4 | Identified the +4 ring mail "Cecobb" {rF+}
 35526 | Vaults:4 | Acquired a manual of Invocations
 36004 | Depths:1 | Entered Level 1 of the Depths
 36016 | Depths:1 | Got the Anthology of the Impact
 36093 | Depths:1 | Found a gateway to Hell.
 36120 | Depths:1 | Reached skill level 10 in Invocations
 36160 | Depths:1 | Received a gift from Okawaru
 36196 | Depths:1 | Found Vakuloa's Jewellery Boutique.
 36258 | Depths:1 | Found a flickering gateway to a bazaar.
 36407 | Depths:1 | Reached XP level 23. HP: 194/194 MP: 40/40
 36421 | Depths:1 | Found a runed translucent door.
 36425 | Depths:1 | Found a runed translucent door.
 36527 | Depths:1 | Found a sparkling altar of Nemelex Xobeh.
 36592 | Bazaar   | Entered a bazaar
 36592 | Bazaar   | Found Wadwura's Magic Scroll Emporium.
 36592 | Bazaar   | Found Foliv's Armour Shop.
 36592 | Bazaar   | Found Verak's Antique Armour Shoppe.
 36592 | Bazaar   | Found Seodd's Distillery.
 36594 | Bazaar   | Found Noar's Weapon Shoppe.
 36594 | Bazaar   | Found Poufre Dowk's Assorted Antiques.
 36628 | Bazaar   | Bought a scroll of blinking for 97 gold pieces
 36637 | Bazaar   | Bought a potion of heal wounds for 70 gold pieces
 36637 | Bazaar   | Bought a potion of heal wounds for 70 gold pieces
 36637 | Bazaar   | Bought a potion of mutation for 112 gold pieces
 36637 | Bazaar   | Bought a potion of curing for 42 gold pieces
 36722 | Depths:1 | Found a runed translucent gate.
 36722 | Depths:1 | Found a runed translucent gate.
 36723 | Depths:1 | Noticed Soteoser's ghost (veteran MiBe)
 36727 | Depths:1 | Found a runed translucent gate.
 36841 | Depths:1 | Found Nianwynt's Armour Shoppe.
 37116 | Depths:2 | Found a one-way gate leading to the halls of Pandemonium.
 37175 | Depths:2 | Received a gift from Okawaru
 37300 | Depths:2 | Found an iron altar of Okawaru.
 37469 | Depths:2 | Found Suyser's Book Boutique.
 37469 | Depths:2 | Found Apu Amei's Jewellery Shoppe.
 37470 | Depths:2 | Found Vohism's Jewellery Shoppe.
 37520 | Depths:2 | Upgraded the game from 0.32-a0-675-gdc239d62e1 to
                  | 0.32-a0-685-g93135e86f0
 37845 | Depths:2 | Reached skill level 5 in Stealth
 37884 | Depths:2 | Received a gift from Okawaru
 38047 | Depths:2 | Identified the +6 mace "Nukh" {pain, rPois Will+}
 38055 | Depths:2 | Identified the +6 sling "Noaligo" {flame, rC+ Dex+2}
 38447 | Depths:3 | Found a one-way gate to the infinite horrors of the Abyss.
 38534 | Depths:3 | Received a gift from Okawaru
 38732 | Depths:3 | Got the Almanac of Injurious Fate
 38753 | Depths:3 | Noticed a golden dragon
 38758 | Depths:3 | Killed a golden dragon
 38805 | Depths:3 | Received a gift from Okawaru
 38994 | Depths:3 | Noticed the Enchantress
 39005 | Depths:3 | Killed the Enchantress
 39006 | Depths:3 | Reached skill level 15 in Dodging
 39033 | Depths:3 | Noticed a caustic shrike
 39040 | Depths:3 | Killed a caustic shrike
 39041 | Depths:3 | Reached XP level 24. HP: 202/202 MP: 40/40
 39446 | Depths:3 | Found a one-way gateway to a ziggurat.
 39453 | Depths:3 | Identified the +7 short sword of Victory {speed, *Rage rC+
                  | rCorr Int+3}
 39457 | Depths:3 | Identified the ring of Niqiboegh {Fire *Corrode *Slow rElec
                  | Dex+9}
 39460 | Depths:3 | Identified the +0 pair of gloves of Pearas Jodud {rC+ Int+3
                  | Dex+3 Stlth+}
 39500 | Depths:4 | Entered Level 4 of the Depths
 39685 | Depths:4 | Received a gift from Okawaru
 39838 | Depths:4 | Found a bloodstained altar of Trog.
 40327 | Depths:4 | Found a gate to the Realm of Zot.
 40781 | Depths:3 | Voluntarily entered the Abyss.
 40788 | Abyss:2  | Received a gift from Okawaru
 40861 | Abyss:3  | Found a transporter.
 40905 | Abyss:3  | Noticed an ancient lich
 40918 | Abyss:3  | Killed an ancient lich
 40946 | Abyss:3  | Found a transporter.
 40952 | Abyss:3  | Got an abyssal rune of Zot
 41014 | Depths:3 | Escaped the Abyss
 41366 | Vaults:5 | Entered Level 5 of the Vaults
 41372 | Vaults:5 | Received a gift from Okawaru
 41450 | Vaults:5 | Identified the +7 dagger "Ning" {pain, *Rage rPois rF+
                  | MP+9}
 41488 | Vaults:5 | Identified the +8 arbalest of the Kidney {elec, rF+}
 41530 | Vaults:5 | Reached XP level 25. HP: 208/208 MP: 40/40
 41541 | Vaults:5 | Noticed Margery
 41552 | Vaults:5 | Killed Margery
 41698 | Vaults:5 | Received a gift from Okawaru
 41857 | Vaults:5 | Reached skill level 20 in Fighting
 41868 | Vaults:5 | Got a silver rune of Zot
 42215 | Vaults:5 | Identified the +3 ring mail "Qeuc" {Str+3 Stlth+}
 42551 | Vaults:5 | Identified the +2 robe of the Six Seas {rC+ Will+ Archmagi}
 42561 | Vaults:5 | Identified the +2 cloak of Snakes and Ladders {rN+ Int-3
                  | Dex+5}
 42598 | Vaults:5 | Reached skill level 21 in Fighting
 42759 | Vaults:5 | Received a gift from Okawaru
 42859 | Vaults:5 | Identified the +0 leather armour of Mevemp {^Drain rElec
                  | rN+}
 43219 | Slime:1  | Entered Level 1 of the Pits of Slime
 43248 | Slime:1  | Gained mutation: You sometimes lose your temper in combat.
                  | [a shining eye]
 43269 | Lair:5   | Lost mutation: You sometimes lose your temper in combat.
                  | [potion of mutation]
 43269 | Lair:5   | Gained mutation: Your body sometimes deteriorates upon
                  | taking damage. [potion of mutation]
 43269 | Lair:5   | Gained mutation: Your spells are a little harder to cast,
                  | but a little more powerful. [potion of mutation]
 43270 | Lair:5   | Lost mutation: Your spells are a little harder to cast, but
                  | a little more powerful. [potion of mutation]
 43270 | Lair:5   | Lost mutation: Your body sometimes deteriorates upon taking
                  | damage. [potion of mutation]
 43270 | Lair:5   | Gained mutation: You are vulnerable to heat. (rF-) [potion
                  | of mutation]
 43270 | Lair:5   | Gained mutation: Your spells are a little harder to cast,
                  | but a little more powerful. [potion of mutation]
 43270 | Lair:5   | Gained mutation: You possess an exceptional clarity of
                  | mind. [potion of mutation]
 43523 | Slime:5  | Entered Level 5 of the Pits of Slime
 43599 | Slime:5  | Noticed the Royal Jelly
 43611 | Slime:5  | Killed the Royal Jelly
 43611 | Slime:5  | Received a gift from Okawaru
 43611 | Slime:5  | Gained mutation: Your body sometimes deteriorates upon
                  | taking damage. [a shining eye]
 43645 | Slime:5  | Reached skill level 15 in Evocations
 43648 | Slime:5  | Identified the +7 glaive of Xampupri {freeze, rN+ Int+3}
 43657 | Slime:5  | Identified the staff of the Enfolding Sybil {rPois rN+
                  | Conj}
 43659 | Slime:5  | Got a starry gem with 186 turns to spare
 43661 | Slime:5  | Got a slimy rune of Zot
 43668 | Slime:5  | Got the Papyrus of Profane Rituals and Pyromancy
 43732 | Slime:5  | Identified the +2 pair of gloves of the Eggfruit {Regen+
                  | Dex+2}
 43746 | Slime:5  | Identified the +1 falchion "Jagy" {holy, Will+ Str+6}
 43751 | Slime:5  | Identified the +0 helmet "Rakap" {rF- rN+ Will- Str+8}
 43753 | Slime:5  | Got the Almanac of Elliptic Curses
 44050 | Slime:5  | Reached skill level 22 in Fighting
 44168 | Lair:5   | Lost mutation: Your spells are a little harder to cast, but
                  | a little more powerful. [potion of mutation]
 44168 | Lair:5   | Lost mutation: Your body sometimes deteriorates upon taking
                  | damage. [potion of mutation]
 44168 | Lair:5   | Gained mutation: Potions are less effective at restoring
                  | your health. [potion of mutation]
 44168 | Lair:5   | Gained mutation: You are weak. (Str -2) [potion of
                  | mutation]
 44169 | Lair:5   | Lost mutation: Potions are less effective at restoring your
                  | health. [potion of mutation]
 44169 | Lair:5   | Lost mutation: You are vulnerable to heat. (rF-) [potion of
                  | mutation]
 44169 | Lair:5   | Gained mutation: You have a pair of small antennae on your
                  | head. [potion of mutation]
 44169 | Lair:5   | Gained mutation: You do not regenerate when monsters are
                  | visible. [potion of mutation]
 44169 | Lair:5   | Gained mutation: You have hidden genetic potential. [potion
                  | of mutation]
 44169 | Lair:5   | Gained mutation: You are partially covered in iridescent
                  | scales. (AC +2) [potion of mutation]
 44170 | Lair:5   | Lost mutation: You possess an exceptional clarity of mind.
                  | [potion of mutation]
 44170 | Lair:5   | Lost mutation: You are partially covered in iridescent
                  | scales. (AC +2) [potion of mutation]
 44170 | Lair:5   | Lost mutation: You are weak. (Str -2) [potion of mutation]
 44170 | Lair:5   | Gained mutation: You have a pair of antennae on your head.
                  | [potion of mutation]
 44170 | Lair:5   | Lost mutation: You have hidden genetic potential. [potion
                  | of mutation]
 44170 | Lair:5   | Gained mutation: You possess an exceptional clarity of
                  | mind. [potion of mutation]
 44170 | Lair:5   | Gained mutation: You are partially covered in iridescent
                  | scales. (AC +2) [potion of mutation]
 44171 | Lair:5   | Lost mutation: You are partially covered in iridescent
                  | scales. (AC +2) [potion of mutation]
 44171 | Lair:5   | Lost mutation: You possess an exceptional clarity of mind.
                  | [potion of mutation]
 44171 | Lair:5   | Gained mutation: You are resistant to electric shocks.
                  | (rElec) [potion of mutation]
 44172 | Lair:5   | Lost mutation: You are resistant to electric shocks.
                  | (rElec) [potion of mutation]
 44172 | Lair:5   | Lost mutation: You do not regenerate when monsters are
                  | visible. [potion of mutation]
 44172 | Lair:5   | Lost mutation: You have a pair of antennae on your head.
                  | [potion of mutation]
 44172 | Lair:5   | Gained mutation: You expend magic power (3 MP) to
                  | strengthen your wands. [potion of mutation]
 44199 | Lair:5   | Killed jasper's ghost
 44203 | Lair:5   | Killed croobank's ghost
 44206 | Lair:5   | Killed jamsaran's ghost
 44249 | Lair:5   | Lost mutation: You expend magic power (3 MP) to strengthen
                  | your wands. [potion of mutation]
 44249 | Lair:5   | Lost mutation: You have a pair of small antennae on your
                  | head. [potion of mutation]
 44249 | Lair:5   | Gained mutation: Your flesh is heat resistant. (rF+)
                  | [potion of mutation]
 44249 | Lair:5   | Gained mutation: Your spells are a little harder to cast,
                  | but a little more powerful. [potion of mutation]
 44249 | Lair:5   | Gained mutation: You have hidden genetic potential. [potion
                  | of mutation]
 44249 | Lair:5   | Gained mutation: You have a somewhat thin skeletal
                  | structure. (Dex +2, Stealth+) [potion of mutation]
 44773 | Zot:1    | Entered Level 1 of the Realm of Zot
 44830 | Zot:1    | Noticed an orb of fire
 44838 | Zot:1    | Gained mutation: You are dopey. (Int -2) [an orb of fire]
 44842 | Zot:1    | Killed an orb of fire
 44847 | Zot:1    | Reached XP level 26. HP: 224/224 MP: 35/40
 45103 | Zot:1    | Received a gift from Okawaru
 45329 | Zot:1    | Reached skill level 15 in Translocations
 46397 | Zot:3    | Upgraded the game from 0.32-a0-685-g93135e86f0 to
                  | 0.32-a0-699-g1ee5eff69a
 46467 | Zot:3    | Noticed a Killer Klown
 46467 | Zot:3    | Noticed a Killer Klown
 46476 | Zot:3    | Noticed a Killer Klown
 46486 | Zot:3    | Reached skill level 10 in Hexes
 46488 | Zot:3    | Killed a Killer Klown
 46495 | Zot:3    | Killed a Killer Klown
 46518 | Zot:3    | Killed a Killer Klown
 46625 | Zot:3    | Received a gift from Okawaru
 46658 | Zot:3    | Found the +15 Maxwell's patent armour {-Cast -Tele rElec
                  | Will+ rCorr}
 46699 | Zot:3    | You fall into a shaft and drop 1 floor!
 46707 | Zot:4    | Reached skill level 23 in Fighting
 46931 | Zot:4    | Received a gift from Okawaru
 46938 | Zot:4    | Gained mutation: You are partially covered in large bone
                  | plates. (SH +4) [hidden potential]
 47040 | Zot:3    | Upgraded the game from 0.32-a0-699-g1ee5eff69a to
                  | 0.32-a0-705-g60f233581c
 47195 | Zot:3    | Reached XP level 27. HP: 212/237 MP: 40/40
 47285 | Zot:3    | Reached skill level 24 in Fighting
 47292 | Zot:3    | Noticed Grunn
 47298 | Zot:3    | Killed Grunn
 47717 | Zot:4    | Received a gift from Okawaru
 47867 | Zot:5    | Entered Level 5 of the Realm of Zot
 47868 | Zot:5    | Noticed an ancient lich
 48388 | Zot:5    | Noticed a dread lich
 48400 | Zot:5    | Killed a dread lich
 48413 | Zot:5    | Noticed an orb of fire
 48414 | Zot:5    | Gained mutation: You occasionally lose the ability to read
                  | scrolls when taking damage. [an orb of fire]
 48424 | Zot:5    | Killed an orb of fire
 48424 | Zot:5    | Received a gift from Okawaru
 48767 | Vaults:2 | Killed gimp's ghost
 48768 | Vaults:2 | Killed gimp's ghost
 48788 | Vaults:2 | Lost mutation: You have a somewhat thin skeletal structure.
                  | (Dex +2, Stealth+) [potion of mutation]
 48788 | Vaults:2 | Lost mutation: You occasionally lose the ability to read
                  | scrolls when taking damage. [potion of mutation]
 48788 | Vaults:2 | Lost mutation: You are partially covered in large bone
                  | plates. (SH +4) [potion of mutation]
 48788 | Vaults:2 | Gained mutation: You are very dopey. (Int -4) [potion of
                  | mutation]
 48788 | Vaults:2 | Gained mutation: Your system is resistant to poisons.
                  | (rPois) [potion of mutation]
 49302 | Zot:5    | Noticed an orb of fire
 49302 | Zot:5    | Noticed an orb of fire
 49313 | Zot:5    | Killed an orb of fire
 49321 | Zot:5    | Gained mutation: You occasionally shout uncontrollably at
                  | your foes. [an orb of fire]
 49327 | Zot:5    | Killed an orb of fire
 49336 | Zot:5    | Noticed an orb of fire
 49339 | Zot:5    | Gained mutation: You sometimes lose your temper in combat.
                  | [an orb of fire]
 49342 | Zot:5    | Killed an orb of fire
 49342 | Zot:5    | Received a gift from Okawaru
 49355 | Zot:5    | Noticed an orb of fire
 49360 | Zot:5    | Gained mutation: You are vulnerable to cold. (rC-) [an orb
                  | of fire]
 49363 | Zot:5    | Gained mutation: You have a pair of small antennae on your
                  | head. [hidden potential]
 49363 | Zot:5    | Lost mutation: You have hidden genetic potential. [hidden
                  | potential expressed]
 49365 | Zot:5    | Killed an orb of fire
 49840 | Elf:3    | Bought a potion of mutation for 256 gold pieces
 49840 | Elf:3    | Bought a potion of mutation for 256 gold pieces
 49840 | Elf:3    | Lost mutation: You have a pair of small antennae on your
                  | head. [potion of mutation]
 49840 | Elf:3    | Lost mutation: You sometimes lose your temper in combat.
                  | [potion of mutation]
 49840 | Elf:3    | Gained mutation: You are agile. (Dex +4, Str/Int -1)
                  | [potion of mutation]
 49840 | Elf:3    | Gained mutation: You are very agile. (Dex +8, Str/Int -2)
                  | [potion of mutation]
 50340 | Zot:5    | Received a gift from Okawaru
 50344 | Zot:5    | Killed an ancient lich
 50429 | Zot:5    | Got the Orb of Zot
 50561 | Depths:4 | Noticed Lyefuavu the pandemonium lord
 50561 | Depths:4 | Noticed an ancient lich
 50635 | Depths:1 | Noticed Ibiwus the pandemonium lord
 50810 | D:5      | Lost mutation: Your spells are a little harder to cast, but
                  | a little more powerful. [a cacodemon]
 50952 | D:$      | Escaped with the Orb!

Illustrated notes

Levels and vault maps discovered:
D:1:      amcnicky_arrival_underground_garden, layout_basic,
          shapermc_ecumenical_altar_acropolis
D:2:      layout_basic, basic_altar
D:3:      layout_rooms, xom_teletrap_fun, uniq_robin
D:4:      layout_loops_ring, minmay_temple_entry_trees, minmay_misc_feat_x,
          palyth_stone_intersect
D:5:      minmay_goblin_kobold_castle, layout_basic, chequers_arboretum,
          chequers_decorated_corner, hangedman_feature_mirror
D:6:      layout_loops_ring, elyvilon_altar_5, serial_shops,
          nicolae_shop_window_shopping, nicolae_square_shop, shop, shop
D:7:      layout_basic, lightli_temple_of_fire, gammafunk_ghost_grave,
          ebering_dispersal_statue_hall, nicolae_hexahallways
D:8:      layout_basic, lemuel_coloured_pillars_altar, old_standard_altar,
          erik_lair_island, serial_shops, nicolae_shop_tiny_statue_garden
D:9:      layout_basic, lemuel_mausoleum_altar_kikubaaqudgha,
          grunt_gozag_breadcrumbs, mainiacjoe_overflow_surrounded_room,
          tgw_fedhas
D:10:     layout_basic, worldfamousw_hep_ancestral_shrine, uniq_maurice
D:11:     layout_cave_pools, hiddenorc2_lemuel, serial_shops, bzr_entry_islet,
          uniq_fannar
D:12:     minmay_elf_outpost, layout_loops_ring, portal_ice_cave_entry_pillars_1
D:13:     layout_rooms, hellmonk_vaults_attempted_burglary,
          nicolae_sif_muna_little_library
D:14:     layout_roguey, serial_bayou_pond_a, hangedman_abyss_or_decor_stabs,
          evilmike_butchery
D:15:     grunt_enter_depths_magical_seal, layout_basic, serial_curves,
          eino_curves_03, eino_curves_03, grunt_ministairs_10, laboratory,
          uniq_jorgrun, uniq_nessos
Temple:   ebering_untended_altars
Lair:1:   layout_misc_corridors, lemuel_fruit_fields, lemuel_fruit_tree
Lair:2:   layout_gridlike, spider_nest_entry_a, lemuel_fruit_fields, uniq_harold
Lair:3:   nzn_winding_woodlands_stair_cross
          [nzn_winding_woodlands_5x15_pathside_ponds,
          nzn_winding_woodlands_center_diamonds,
          nzn_winding_woodlands_5x15_jagged, nzn_winding_woodlands_5x5_default,
          nzn_winding_woodlands_5x5_default,
          nzn_winding_woodlands_5x15_lazy_stream,
          nzn_winding_woodlands_center_pierced_h,
          nzn_winding_woodlands_5x15_zeroes], layout_chaotic_city,
          mainiacjoe_swamp_entry_angry_trees, beast_lair_carwin_8, uniq_urug
Lair:4:   layout_small_grid, gauntlet_entry_generic, columned_hall_lemuel,
          infiniplex_staircase_pool_2
Lair:5:   minmay_lair_end_enchanted_forest, layout_loops_ring, slime_entry_1,
          gammafunk_ghost_cemetery, chequers_serial_rivers_small_b,
          serial_bayou_shore_a
Swamp:1:  cheibrodos_swamp_monstrosity, layout_falls_marsh, serial_swamp_ruin,
          evilmike_swamp_ruin_house_2, evilmike_swamp_ruin_house_4,
          evilmike_swamp_ruin_house_3, swamp_pool_4
Swamp:2:  layout_basic_swamp, hangedman_swamp_cone, nicolae_swamp_long_stream
Swamp:3:  layout_falls_marsh, basic_altar, uniq_bai_suzhen, uniq_aizul
Swamp:4:  swamp_vile, layout_basic_swamp
Spider:1: layout_spider_delve, uniq_donald
Spider:2: layout_chambers, uniq_asterion
Spider:3: layout_spider_delve, uniq_nikola
Spider:4: grunt_spider_rune_circles, drop_trap, nicolae_arachne_temple
Slime:1:  layout_caves
Slime:2:  layout_caves
Slime:3:  layout_caves, nicolae_slime_phagocytosis
Slime:4:  layout_caves, nicolae_slime_getting_an_eyeful
Slime:5:  slime_pit_nicolae_inversion
Orc:1:    layout_diamond_mine, serial_shops, nicolae_shop_tiny_statue_garden,
          shop, nicolae_shop_just_a_little_nook, shop, shop_fountains,
          nicolae_orc_sculptors_studio, bh_open_orc_temple
Orc:2:    grunt_orc_cross, layout_caves, serial_shops, shop
Elf:1:    elf_arrival_001, layout_rooms, hangedman_elf_disciples
Elf:2:    nicolae_elf_blades_crystal_corner, layout_loops_corners,
          amcnicky_mini_rare_corridor_liquid, st_stairs_13
Elf:3:    minmay_elf_hall_not_hex, layout_geoelf_castle, serial_shops, shop,
          shop, nicolae_shop_competitors_out_of_business,
          nicolae_shop_bloodbath_and_beyond, uniq_boris
Vaults:1: nicolae_vaults_specimen_jars, nicolae_vaults_steering_wheel,
          hangedman_vaults_restitches, hangedman_vaults_snaps,
          lightli_orcish_oven, dpeg_vaults_monster_row,
          nicolae_vaults_network_square, vaults_room_fancy_cross,
          vaults_room_pool, nicolae_vaults_diamond_2, st_smaller_cells,
          ontoclasm_vaults_misaligned, layout_vaults_omnibox, uniq_saint_roka
Vaults:2: gammafunk_ghost_cemetery, vaults_room_boxed,
          nicolae_vaults_ring_of_whatevers, v_misc_10,
          vaults_mumra_chevron_long, v_misc_4, vaults_room_fours,
          nicolae_vaults_closet_pinwheel_2, nicolae_vaults_security_offices_2,
          v_misc_5, vaults_dpeg_diagonal, nicolae_vaults_tangram_2,
          vaults_dpeg_hooks, layout_vaults_maze_snakey,
          nicolae_trove_entry_crossroad, uniq_zenata
Vaults:3: minmay_crypt_entry_vampire_xt, nicolae_vaults_surprise_closet,
          vaults_standard_mumra_enter_the_diamond,
          nicolae_vaults_shrinking_rooms_2, nicolae_vaults_turnstiles,
          vaults_standard_mumra_enter_the_diamond, nicolae_vaults_tangram_1,
          v_pattern_1, nicolae_vaults_apartment_1, layout_vaults_ring,
          serial_shops, nicolae_shop_peninsula
Vaults:4: nicolae_vaults_twisting_passages, hangedman_vaults_locks,
          nicolae_vaults_swerve, v_misc_3, v_pattern_3, vaults_mumra_hex,
          nicolae_vaults_mini_display_case, nicolae_vaults_theta,
          nicolae_vaults_diamond_1, nicolae_vaults_antechamber_and_loot_room,
          layout_vaults_chaotic_city
Vaults:5: uniq_margery
Depths:1: minmay_expanding_circles, layout_gridlike, grunt_mini_vestibule,
          biasface_ghost_demon_polymorph, serial_shops, bzr_in_the_mist,
          nicolae_shop_statue_plus, shop, nicolae_benzene_ring,
          minmay_tree_intersection, nemelex_spade_bored_becter
Depths:2: evilmike_iron_armoury, layout_basic, pf_hell_entry_tar_river,
          grunt_pan_entry_zigzag, hangedman_decor_opposing,
          serial_bayou_shore_b, minmay_shop_grove, infiniplex_staircase_zigzag_1
Depths:3: hellmonk_hyper_hexagons [hex_subvault_fishy, hex_subvault_big_grid,
          hex_subvault_uneven, hex_subvault_rings, hex_subvault_double_channel,
          hex_subvault_dug_out], hell_entry, abyss_entry
Depths:4: grunt_zot_entry_gee_three, layout_gridlike, bloody_trog,
          pf_coc_iceberg, rand_demon_pan_entry_8
Zot:1:    layout_gridlike
Zot:2:    layout_onion_interference, lemuel_elevator
Zot:3:    cheibrodos_zot_enchanting_chambers, layout_twisted_circle, uniq_grunn
Zot:4:    layout_gridlike, st_large_dragon_hoard_1, grunt_megastairs_5
Zot:5:    layout_gridlike

Skill      XL: |  1  2  3  4  5  6  7  8  9 10 11 12 13 14 15 16 17 18 19 20 21 22 23 24 25 26 27 |
---------------+----------------------------------------------------------------------------------+-----
Stealth        | 1 2 3 4 9 |  9.0
Dodging        | 2 8 9 10 12 13 14 15 18 22 | 22.2
Ranged Weapons | 4 10 12 14 15 17 18 | 18.0
Fighting       | 3 7 8 10 12 13 15 17 19 22 23 24 | 24.0
Invocations    | 1 2 6 7 8 9 11 12 13 | 13.0
Evocations     | 1 5 8 12 13 15 | 15.0
Throwing       | 2 4 6 |  6.0
Armour         | 2 5 6 7 9 |  9.8
Translocations | 6 8 14 16 | 16.0
Hexes          | 5 9 10 | 10.0
Spellcasting   | 2 4 13 | 13.0
Alchemy        | 5 12 13 | 13.0

Action                     |  1- 3 |  4- 6 |  7- 9 | 10-12 | 13-15 | 16-18 | 19-21 | 22-24 | 25-27 || total
---------------------------+-------+-------+-------+-------+-------+-------+-------+-------+-------++-------
   Fire: Sling             |   122 |   154 |   694 |  1003 |       |       |       |       |       ||  1973
         Hand cannon       |       |       |       |   139 |  1158 |  1770 |  1886 |  2202 |  2238 ||  9393
  Throw: Dart              |       |       |     2 |     4 |       |       |       |       |     1 ||     7
         Javelin           |       |       |       |       |     5 |     1 |     4 |       |    12 ||    22
   Cast: Olgreb's Toxic Ra |       |       |       |       |       |       |    10 |    11 |     7 ||    28
         Dimensional Bulls |       |       |       |       |       |       |     3 |       |       ||     3
         Yara's Violent Un |       |       |       |       |       |       |     3 |     9 |     7 ||    19
         Blink             |       |       |       |       |       |       |       |     3 |     3 ||     6
         Dispersal         |       |       |       |       |       |       |       |     2 |     3 ||     5
         Apportation       |       |       |       |       |       |       |       |       |    14 ||    14
 Invoke: Heroism           |       |       |     1 |     1 |     6 |    13 |     7 |     8 |     6 ||    42
         Receive Weapon    |       |       |       |     1 |       |       |       |       |       ||     1
         Receive Armour    |       |       |       |     1 |       |       |       |       |       ||     1
         Finesse           |       |       |       |       |       |     5 |     2 |     5 |     5 ||    17
Ability: Invent Gizmo      |       |       |       |       |     1 |       |       |       |       ||     1
  Evoke: Wand              |       |       |       |       |     5 |     5 |     4 |     7 |     8 ||    29
         Lightning rod     |       |       |       |       |       |     3 |     4 |     2 |       ||     9
         Tin of tremorston |       |       |       |       |       |     3 |     1 |     1 |     2 ||     7
         Phial of floods   |       |       |       |       |       |       |       |       |     1 ||     1
    Use: Scroll            |       |     3 |    10 |    17 |     5 |     6 |     6 |     5 |    12 ||    64
         Potion            |       |     2 |       |       |       |     2 |     4 |     5 |    16 ||    29
 Armour: Leather armour    |    13 |    16 |    37 |    29 |       |       |       |       |       ||    95
         Troll leather arm |       |       |    10 |       |       |   342 |   267 |   108 |       ||   727
         Steam dragon scal |       |       |       |    79 |       |       |       |       |       ||    79
         Ring mail         |       |       |       |    12 |   195 |   129 |    52 |    47 |       ||   435
         Acid dragon scale |       |       |       |       |       |       |       |    52 |   240 ||   292
  Dodge: Dodged            |    19 |    19 |    70 |   136 |   220 |   663 |   573 |   265 |   538 ||  2503
         Repelled          |       |       |       |       |       |       |    40 |    44 |    28 ||   112
  Block: Other             |       |       |       |       |       |       |       |       |     5 ||     5

Table legend: (Time is in decaauts)
 A = Elapsed time spent in this place.
 B = Non-inter-level travel time spent in this place.
 C = Inter-level travel time spent in this place.
 D = Time resting spent in this place.
 E = Time spent auto-exploring this place.
 F = Levels seen in this place.
 G = Mean time per level.
                   A        B        C        D        E       F      G
               +--------+--------+--------+--------+--------+-----+--------+
         Total |  51586 |  41212 |  10374 |   2132 |  16501 |  61 |  845.7 |
       Dungeon |  14422 |  10902 |   3520 |    236 |   5952 |  15 |  961.5 |
        Temple |     70 |     44 |     26 |      0 |      0 |   1 |   70.0 |
          Lair |   5686 |   4830 |    856 |    155 |   2604 |   5 | 1137.2 |
         Swamp |   2486 |   2134 |    352 |     36 |   1290 |   4 |  621.5 |
   Spider Nest |   4059 |   3452 |    607 |    871 |   1366 |   4 | 1014.8 |
    Slime Pits |    923 |    857 |     66 |      9 |      0 |   5 |  184.6 |
  Orcish Mines |   1852 |   1193 |    659 |     19 |    411 |   2 |  926.0 |
   Elven Halls |   3263 |   2691 |    572 |    178 |    534 |   3 | 1087.7 |
        Vaults |   7130 |   5862 |   1268 |    332 |   2653 |   5 | 1426.0 |
        Depths |   5464 |   3848 |   1616 |    134 |    840 |   4 | 1366.0 |
           Zot |   4536 |   3708 |    828 |    153 |    742 |   5 |  907.2 |
         Abyss |    669 |    669 |      0 |      0 |    100 |   3 |  223.0 |
        Bazaar |    144 |    144 |      0 |      0 |      0 |   2 |   72.0 |
         Trove |     32 |     32 |      0 |      0 |      0 |   1 |   32.0 |
      Ice Cave |    464 |    464 |      0 |      0 |      0 |   1 |  464.0 |
      Gauntlet |    379 |    379 |      0 |      9 |      8 |   1 |  379.0 |
               +--------+--------+--------+--------+--------+-----+--------+

Top non-repeatable levels by time:
Vaults:4: 1823 daAuts
   Elf:3: 1628 daAuts
Vaults:5: 1548 daAuts
Depths:4: 1537 daAuts
Spider:2: 1533 daAuts
Depths:3: 1455 daAuts
  Lair:3: 1404 daAuts
     D:8: 1401 daAuts
Vaults:2: 1392 daAuts
     D:5: 1330 daAuts
Depths:2: 1317 daAuts
Vaults:3: 1279 daAuts
  Lair:5: 1278 daAuts
     D:9: 1211 daAuts
   Zot:5: 1208 daAuts
